Cogmind - Beta 10 @@@ ROGUE MODE // 2020.09.16 @ 18:05:42 // Winter2019/RPGLIKE Player: Torako Result: Destroyed by G-34 Mercenary with Small Laser Performance ------------- Evolutions (1) 500 Regions Visited (3) 600 Robots Destroyed (30) 150 Value Destroyed (528) 528 Prototype IDs (4) 80 Alien Tech Used (0) 0 Bonus (0) 0 TOTAL SCORE: 1858 Bonus ------- None Cogmind --------- Core Integrity 0/700 Matter 300/300 Energy 258/400 System Corruption 0% Temperature Cool (8) Movement Flying (117) Ox1 Location -9/Materials Parts ------- > --- POWER (2) -------- Ion Engine Ion Engine > --- PROPULSION (4) --- Flight Unit Flight Unit > --- UTILITY (2) ------ Armor Integrity Analyzer Improved Trap Extractor > --- WEAPON (3) ------- Mining Claw Mining Claw Mining Claw > --- INVENTORY (1) ---- (None) Peak State ------------ > --- POWER ------------ Ion Engine Ion Engine > --- PROPULSION ------- Flight Unit Flight Unit Flight Unit > --- UTILITY ---------- Armor Integrity Analyzer Improved Trap Extractor > --- WEAPON ----------- Mining Claw Mining Claw Mining Claw > --- INVENTORY -------- (None) [Rating: 14] Favorites ----------- Power Ion Engine Engine Ion Engine Propulsion Flight Unit Flight Unit Flight Unit Utility Armor Integrity Analyzer Device Improved Trap Extractor Storage Small Battery Processor Armor Integrity Analyzer Weapon Mining Claw Energy Gun EM Pulse Gun Slashing Weapon Mining Claw Build | -11 -10 -10 -9 ------- Run | Scr Mat Min Mat Slots Evolved 7 | . 5 . 2 Power 1 | . 1 . . Propulsion 3 | . 2 . 1 Utility 1 | . . . 1 Weapon 2 | . 2 . . Parts Attached 18 | 2 12 . 4 Power 7 | 1 4 . 2 Engine 7 | 1 4 . 2 Core . | . . . . Reactor . | . . . . Propulsion 4 | . 3 . 1 Treads . | . . . . Leg . | . . . . Wheel . | . . . . Hover . | . . . . Flight 4 | . 3 . 1 Utility 3 | . 2 . 1 Device 1 | . . . 1 Storage 1 | . 1 . . Processor 1 | . 1 . . Hackware . | . . . . Protection . | . . . . Artifact . | . . . . Weapon 4 | 1 3 . . Energy Gun 1 | 1 . . . Energy Cannon . | . . . . Ballistic Gun . | . . . . Ballistic Cannon . | . . . . Launcher . | . . . . Special Weapon . | . . . . Impact Weapon . | . . . . Slashing Weapon 3 | . 3 . . Piercing Weapon . | . . . . Special Melee Weapon . | . . . . Unidentified Prototypes . | . . . . Parts Lost 2 | . . . 2 Power . | . . . . Propulsion 2 | . . . 2 Utility . | . . . . Weapon . | . . . . Highest Loss Streak 1 | . . . 1 Average Slot Usage (%) 94 | . 93 100 88 Engine 23 | . 26 22 14 Flight 35 | . 38 33 26 Device 1 | . . . 9 Storage 4 | . 7 . . Processor 5 | . 2 11 9 Energy Gun 3 | . 6 . . Slashing Weapon 18 | . 9 33 28 Naked Turns . | . . . . Heaviest Build 19 | 5 16 16 19 Greatest Support 22 | 8 17 17 22 Greatest Overweight (x) 1 | . . . 1 Average Overweight (x) . | . . . . Largest Inventory Capacity 1 | . 1 1 1 Average Capacity . | . . 1 1 Most Carried 1 | . 1 1 1 Average Carried . | . . 1 . Final Capacity 1 | . 1 1 1 Final Carried 1 | . 1 1 . Class Distribution -------------------- 68% | Mutant 31% | Scavenger-Mutant Dominant Class ---------------- Scavenger-Mutant | -10/Materials Mutant | -10/Mines Mutant | -9/Materials Resources | -11 -10 -10 -9 ----------- Run | Scr Mat Min Mat Matter Collected 380 | 220 100 20 40 Remotely . | . . . . Salvage Created 771 | . 402 96 273 Parts 69 | . 38 5 26 Haulers Intercepted 2 | . 2 . . Recyclers Shooed . | . . . . Parts Field Recycled . | . . . . Retrieved Matter . | . . . . Parts Self-Destructed . | . . . . Prevented . | . . . . Kills | -11 -10 -10 -9 ------- Run | Scr Mat Min Mat Combat Hostiles Destroyed 23 | . 10 4 9 Melee 18 | . 5 4 9 Guns 5 | . 5 . . Classes Destroyed 8 | . 5 1 2 Worker 1 | . 1 . . Hauler 2 | . 2 . . Recycler 1 | . . 1 . Watcher 3 | . 3 . . Swarmer 15 | . 6 4 5 Grunt 6 | . 4 . 2 Duelist 1 | . . . 1 Sentry 1 | . . . 1 Best Kill Streak 9 | . 3 5 9 Combat Bots Only 9 | . 3 3 9 Max Kills in Single Turn 1 | . 1 1 1 Gunslinging . | . . . . Exploded . | . . . . Melee 1 | . 1 1 1 Uniques/NPCs Destroyed . | . . . . Combat | -11 -10 -10 -9 -------- Run | Scr Mat Min Mat Damage Taken 1225 | . 474 296 455 Core 1009 | . 397 240 372 Absorbed by Shields . | . . . . Redirected to Core 697 | . 253 173 271 Core Remaining (%) 70 | 100 . 40 . Volleys Fired 21 | . 21 . . Largest 1 | . 1 . . Hottest 40 | . 40 . . Shots Fired 21 | . 21 . . Gun 21 | . 21 . . Cannon . | . . . . Launcher . | . . . . Special . | . . . . Kinetic . | . . . . Thermal . | . . . . Explosive . | . . . . Electromagnetic 21 | . 21 . . Robot Hit Streak 5 | . 5 . . Robot Miss Streak 2 | . 2 . . Penetration Max . | . . . . Secondary Targets . | . . . . Shots Hit Robots 62 | . 30 14 18 Core Hits 34 | . 19 5 10 Critical Hits 1 | . . 1 . Critical Kills 1 | . . 1 . Critical Parts Destroyed . | . . . . Melee Attacks 74 | . 23 28 23 Impact . | . . . . Slashing 74 | . 23 28 23 Piercing . | . . . . Sneak Attacks 4 | . 2 2 . Combat Hostiles . | . . . . Follow-up Attacks 12 | . . 7 5 Damage Inflicted 1561 | . 715 427 419 Guns 206 | . 206 . . Cannons . | . . . . Explosions . | . . . . Melee 1355 | . 509 427 419 Ramming . | . . . . Kinetic . | . . . . Thermal . | . . . . Explosive . | . . . . Electromagnetic 206 | . 206 . . Impact . | . . . . Slashing 1355 | . 509 427 419 Piercing . | . . . . Highest Corruption . | . . . . Average Corruption . | . . . . Corruption Purged . | . . . . Overload Shots . | . . . . Overflow Damage 55 | . 5 49 1 Projectiles . | . . . . Explosions . | . . . . Melee 55 | . 5 49 1 Knockbacks . | . . . . Impact . | . . . . Kinetic . | . . . . Secondary . | . . . . Self-Inflicted Damage . | . . . . Shots . | . . . . Rammed . | . . . . Targets Rammed . | . . . . Kicked . | . . . . Crushed . | . . . . Highest Temperature 169 | . 169 . . Average Temperature 51 | . 51 . . Received Heat Transfer 123 | . 78 . 45 Siege Activations . | . . . . Robots Corrupted . | . . . . Combat Hostiles . | . . . . Parts Fried 2 | . 2 . . Impact Corruptions . | . . . . Robots Melted . | . . . . Combat Hostiles . | . . . . Parts Melted . | . . . . Heat Transferred . | . . . . Parts Sabotaged . | . . . . Parts Stolen . | . . . . Parts Stripped . | . . . . Power Chain Reactions . | . . . . Missiles Intercepted . | . . . . Alert | -11 -10 -10 -9 ------- Run | Scr Mat Min Mat Peak Influence 330 | . 330 222 316 Initial 117 | . . 117 86 Average 179 | . 192 160 198 Maximum Alert Level 1 | . 1 1 1 Low Security (%) 55 | 100 47 68 51 Level 1 44 | . 52 31 48 Level 2 . | . . . . Level 3 . | . . . . Level 4 . | . . . . Level 5 . | . . . . High Security . | . . . . Max Security . | . . . . Squads Dispatched 5 | . 4 . 1 Investigation 2 | . 1 . 1 Extermination . | . . . . Reinforcement 3 | . 3 . . Assault . | . . . . Garrison . | . . . . Intercept . | . . . . Construction Impeded . | . . . . Haulers Reinforced . | . . . . Stealth | -11 -10 -10 -9 --------- Run | Scr Mat Min Mat Distress Signals 4 | . . . 4 Communications Jammed . | . . . . Distress Signals . | . . . . Times Spotted 43 | . 16 8 19 Peak Tracking Total 11 | . 4 6 11 Tactical Retreats 5 | . . 2 3 Traps | -11 -10 -10 -9 ------- Run | Scr Mat Min Mat Traps Triggered . | . . . . Indirectly . | . . . . Trap Hack Attempts . | . . . . Triggered . | . . . . Disarmed . | . . . . Reprogrammed . | . . . . Reused . | . . . . Traps Extracted . | . . . . Installed . | . . . . Triggered . | . . . . Machines | -11 -10 -10 -9 ---------- Run | Scr Mat Min Mat Machines Disabled 1 | . 1 . . Max in Single Turn 1 | . 1 . . Machines Sabotaged . | . . . . Garrisons Compromised . | . . . . Overloaded Fab Kills . | . . . . Fab Network Shutdowns . | . . . . Hacking | -11 -10 -10 -9 --------- Run | Scr Mat Min Mat Machines Accessed 7 | . 5 1 1 Terminals 5 | . 4 . 1 Fabricators . | . . . . Repair Stations . | . . . . Recycling Units 1 | . 1 . . Scanalyzers . | . . . . Garrison Access . | . . . . Total Hacks 33 | . 29 1 3 Successful 26 | . 24 1 1 Failed 7 | . 5 . 2 Catastrophic . | . . . . Database Lockouts . | . . . . Manual 14 | . 10 1 3 Terminals 30 | . 27 . 3 Fabricators . | . . . . Repair Stations . | . . . . Recycling Units 2 | . 2 . . Scanalyzers . | . . . . Garrison Access . | . . . . Terminal Hacks 21 | . 20 1 . Record 4 | . 4 . . Robot Schematic 2 | . 2 . . Robot Analysis 3 | . 3 . . Prototype ID Bank 2 | . 2 . . Open Door 1 | . . 1 . Branch Access Points 1 | . 1 . . Emergency Access Points 1 | . 1 . . Alert Level 1 | . 1 . . Unreport Threat 1 | . 1 . . Dispatch Records 1 | . 1 . . Maintenance Status 1 | . 1 . . Investigation Status 1 | . 1 . . Hauler Manifests 1 | . 1 . . Zone Layout 1 | . 1 . . Fabricator Hacks . | . . . . Repair Station Hacks . | . . . . Recycling Unit Hacks 1 | . 1 . . Report Inventory 1 | . 1 . . Scanalyzer . | . . . . Garrison Access Hacks . | . . . . Unauthorized Hacks 4 | . 3 . 1 Terminals 3 | . 2 . 1 Track 1 | . . . 1 Assimilate 1 | . 1 . . Botnet 1 | . 1 . . Fabricators . | . . . . Repair Stations . | . . . . Recycling Units 1 | . 1 . . Tunnel 1 | . 1 . . Scanalyzers . | . . . . Garrison Access . | . . . . Data Cores Recovered . | . . . . Used . | . . . . Hacking Detections 5 | . 4 . 1 Full Trace Events 1 | . . . 1 Feedback Events . | . . . . Feedback Blocked . | . . . . Robot Schematics Acquired 2 | . 2 . . Robots Built . | . . . . Matter . | . . . . Time . | . . . . Total Robot Build Rating . | . . . . Part Schematics Acquired . | . . . . Parts Built . | . . . . Matter . | . . . . Time . | . . . . Total Part Build Rating . | . . . . Parts Repaired . | . . . . Time . | . . . . Parts Recycled . | . . . . Recycled Matter . | . . . . Retrieved Matter . | . . . . Retrieved Components . | . . . . Parts Scanalyzed . | . . . . Part Schematics Acquired . | . . . . Parts Damaged . | . . . . Bothacking | -11 -10 -10 -9 ------------ Run | Scr Mat Min Mat Used RIF Installer . | . . . . Robots Hacked . | . . . . Non-combat . | . . . . Combat . | . . . . Robot Hacks Applied . | . . . . Relay Couplers Released . | . . . . Robots Rewired . | . . . . Allies Hacked . | . . . . Hacks Repelled . | . . . . Allies | -11 -10 -10 -9 -------- Run | Scr Mat Min Mat Total Allies 1 | . 1 . . Largest Group 1 | . 1 . . Highest-Rated Group 10 | . 10 . . Highest-Rated Ally 10 | . 10 . . Total Orders . | . . . . Ally Attacks . | . . . . Total Damage . | . . . . Kills . | . . . . Allies Corrupted . | . . . . Allies Melted . | . . . . Intel | -11 -10 -10 -9 ------- Run | Scr Mat Min Mat Robot Analysis Total 3 | . 3 . . Derelict Logs Recovered 1 | . . 1 . Drone Launches . | . . . . Drone Recoveries . | . . . . Exploration | -11 -10 -10 -9 ------------- Run | Scr Mat Min Mat Turns Passed 670 | 23 369 158 120 Spaces Moved 1022 | 41 638 240 103 Core 77 | 41 36 . . Treads . | . . . . Legs . | . . . . Wheels . | . . . . Hover . | . . . . Flight 945 | . 602 240 103 Fastest Speed 34 | 50 34 34 34 Average Speed 35 | 50 34 34 36 Slowest Speed 117 | 50 50 34 117 Overloaded Moves . | . . . . Propulsion Burnouts . | . . . . Robots Hopped 7 | . 1 5 1 Cave-ins Triggered . | . . . . Exploration Rate (%) 40 | 3 81 59 18 Regions Visited 3 Branch Regions 1 Pre-discovered Areas 1 | . 1 . . Known Exits Taken 1 | . 1 . . Unknown Exits Taken 2 | 1 . 1 . Scrap Searched 1 | . . 1 . Spaces Dug . | . . . . Terrain Destroyed . | . . . . Melee . | . . . . Projectile . | . . . . AOE . | . . . . Terrain Rammed . | . . . . Walls Destroyed . | . . . . Machines Disabled . | . . . . Actions | -11 -10 -10 -9 --------- Run | Scr Mat Min Mat Total 1170 | 42 712 268 148 Wait 34 | . 4 8 22 Move 1007 | 40 635 231 101 Hop 5 | . 1 3 1 Pick Up 2 | . 1 1 . Fast Attach 14 | 2 11 . 1 Attach 3 | . . . 3 Detach 2 | . . . 2 Swap 1 | . 1 . . Drop 6 | . 5 1 . Fire 21 | . 21 . . Melee 59 | . 23 19 17 Ram . | . . . . Kick . | . . . . Crush . | . . . . Escape Stasis . | . . . . Rewire . | . . . . Trap . | . . . . Miscellaneous 16 | . 10 5 1 Route ------- -11/Scrapyard -10/Materials (discovered 3 exits: *Mat x2 / *Min) -10/Mines (discovered 2 exits: *Mat x2) -9/Materials (discovered 3 exits: Mat x2 / Min) History --------- Turn | Location | Event 10 | -11/Scrapyard | Discovered new exit (range 15) 24 | -11/Scrapyard | Entered Materials 58 | -10/Materials | Upgraded with Propulsion slot (x1) 63 | -10/Materials | Upgraded with Propulsion slot (x1) 91 | -10/Materials | Upgraded with Power slot (x1) 119 | -10/Materials | Discovered new exit (range 12) 126 | -10/Materials | Identified exit to Mines 205 | -10/Materials | Discovered new exit (range 5) 353 | -10/Materials | Reached level 2 380 | -10/Materials | Upgraded with Weapon slot (x2) 393 | -10/Materials | Entered Mines 442 | -10/Mines | Discovered new exit (range 15) 469 | -10/Mines | Core integrity fell below 50% 488 | -10/Mines | Received a Rocket Launcher from a helpful Derelict 534 | -10/Mines | Met a Derelict who couldn't figure out how to use a Trap Extractor 548 | -10/Mines | Learned 4 Materials zone layouts 549 | -10/Mines | Discovered new exit (range 5) 551 | -10/Mines | Entered Materials 552 | -9/Materials | Identified exit to Materials 552 | -9/Materials | Identified exit to Mines 552 | -9/Materials | Core integrity fell below 50% 553 | -9/Materials | Reached level 3 554 | -9/Materials | Upgraded with Utility slot (x1) 595 | -9/Materials | Build established: Mutant 603 | -9/Materials | Reached level 4 609 | -9/Materials | Upgraded with Propulsion slot (x1) 621 | -9/Materials | Core integrity fell below 20% 671 | -9/Materials | Destroyed by G-34 Mercenary with Small Laser Last Messages --------------- 00625_ R-06 Scavenger collects Flight Unit. 00626_ U-05 Engineer lays Concrete. 00628_ U-05 Engineer builds a Wall. 00628_ U-05 Engineer lays Concrete. 00632_ S-10 Pest destroyed. 00636_ U-05 Engineer lays Concrete. 00638_ W-16 Scout Lgt. Ion Engine severed. 00651_ Mining Claw follow-up attack on G-34 Mercenary. 00651_ G-34 Mercenary destroyed. 00658_ K-01 Serf collects debris. 00661_ Mining Claw follow-up attack on L-31 Rogue. 00661_ K-01 Serf collects debris. 00661_ Flight Unit destroyed. 00664_ K-01 Serf collects debris. 00664_ Mining Claw follow-up attack on L-31 Rogue. 00664_ L-31 Rogue destroyed. 00667_ M-13 Machinist fits Backup Power I on W-16 Scout. 00668_ K-01 Serf collects debris. 00669_ W-16 Scout sends out distress signal. 00671_ S-10 Pest destroyed. Map ----- +----------------------------------------------------+ | ???????????????????????# # ?????? | | ???????????????????##??# # ?????? | | ??????????????????? #??# # ?????? | | ??????????????????? #??# + ?????? | | ??????????????????? #??# # ?????? | | ??????????????????? #### # ?????? | | ??????????????????? # ?????? | | ??????????????????? ######?????? | | ??????????????????? ########???? | | ??????????????????? ??? | | ??????????????????? ??? | | ??????????????????? ########## """ """ "?" | | ??????????????????? # # """ """ """ | | ??????????????????? # T + """ """ """ | | ??????????????????? # ## | | ??????????????????? # ## | | ??????????????????? # ## | | ??????????????????? + """" ## | | ??????????????????? # """" ## | | ??????????????????? # """" ## | | ????????????????#?? # ###" ""## # T #?? | | ?# ## # ?????????????????### " ##? | | ?# ## """ # ########????????# #### ## | | ?# ## """ # s = ##########* | | ?# ## """ + [% /*gug%*=%%+%% | | ?# ## """ " # *@%########## * % | | ?# ## """ T ##w#######+###??????# ! ! "Y" | | ?# ## " ## # **!% #??????# !!! """ | | ?# ## ## / * #??????# !!! | | ?# ############# # #??????#### % ##### | | ?# #???######### # #?????????#######???? | | ?# #???# # ###########?????????????????? | | ?# < #???# """ # ????????????????????????????# | | ?# #???# """ + ????????????????????????????# | | ?#####???# """ # ????????????????????????????# | | ?????????# # ????????????????????????????+ | | ????????####+######????????????????????????????# | | ????????# #??????????????????????????????# | | ????????# ###????????????????????????????# | | ????????# ????????????????????????????##? | | ????????# > ??????????????????????????????? | | ????????# ??????????????????????????????? | | ????????# ###??????????????????????????????? | | ????????# #????????????????????????????????? | | ????????#########????????????????????????????????? | | ?????????????????????????????????????????????????? | | | | | | | | | +----------------------------------------------------+ Best States ------------- Heat Dissipation 31 Energy Generation 15 Energy Capacity 500 Matter Stores 300 Matter Capacity 300 Sight Range 16 Terrain Scan Density 10 Evasion (%) 63 Armor Integrity Analysis 33 Offensive Hacking 10 Defensive Hacking 5 Item Schematics ----------------- None Robot Schematics ------------------ G-34 Mercenary | -10/Materials | Hacked S-10 Pest | -10/Materials | Hacked Fabricated ------------ Nothing Alien Tech Used ----------------- None Achievements -------------- None Challenges ------------ None RPGLIKE | -11 -10 -10 -9 --------- Run | Scr Mat Min Mat Levels Raised 3 | . 1 . 2 XP Earned 8250 | 3000 1650 1000 2600 XP Spent 7460 | 100 4200 200 2960 Upgrades 19 | 1 10 1 7 Power Slot 1 | . 1 . . Propulsion Slot 3 | . 2 . 1 Utility Slot 1 | . . . 1 Weapon Slot 2 | . 2 . . Core Integrity 2 | . . . 2 Heat Dissipation 1 | . 1 . . Mass Support 2 | 1 . . 1 Inventory Capacity 1 | . 1 . . Melee Accuracy 3 | . . 1 2 Hack Attack % 2 | . 2 . . Hack Defense % 1 | . 1 . . Protomatter Created 192 | . 110 32 50 Integrity Restored 324 | . 204 96 24 Core 304 | . 184 96 24 Parts 20 | . 20 . . Protomatter Decayed 36 | . 22 . 14 Game ------ Seed ChargeMeleeSteel Manual? 0 Play Time 00:14:46 Cumulative 255.2 hours Start 2020.09.16 @ 17:52:55 End 2020.09.16 @ 18:05:42 Sessions 1 Manual Loads 0 Difficulty Rogue Special Mode Winter2019/RPGLIKE Game No. 260 Rogue 260 Adventurer 0 Explorer 0 Win Type - Total 13 Types 9/0/3/1/0/0/0/0/0 Lore% 80 Gallery% 89 Achievement% 71 Wizard Run 0 Options --------- ASCII 0 Keyboard 1 Movement Numpad Keybinds 0 Fullscreen 1 Font 18/SmallcapsGlow Map View 76x50 Tactical HUD 1 Map Filters NONE Filters NONE Steam 1 RUN: 67a71a5d-20c4-4053-9e1a-4e64e86bcc08